 Dungeon Crawl Stone Soup version 0.20-a0-760-g49f5558 (webtiles) character file.

8297 polly the Blocker (level 11, 0/60 HPs)
             Began as a Gargoyle Fighter on Feb 25, 2017.
             Was a High Priest of Okawaru.
             Slain by a killer bee (4 damage)
             ... on level 10 of the Dungeon.
             The game lasted 00:16:30 (9711 turns).

polly the Blocker (Gargoyle Fighter)                Turns: 9711, Time: 00:16:31

Health: 0/60       AC: 24    Str: 28 (30) XL:     11   Next: 28%
Magic:  0/12       EV: 13    Int: 10      God:    Okawaru [*****.]
Gold:   711        SH: 15    Dex: 11      Spells: 10/10 levels left

rFire    . . .     SeeInvis .   m - +0 whip (flame)
rCold    . . .     Gourm    .   F - +0 plate armour
rNeg     + . .     Faith    .   c - +0 shield
rPois    ∞         Spirit   +   C - +2 hat
rElec    +         Reflect  .   G - +0 cloak
rCorr    .         Harm     .   j - +1 pair of gloves
MR       .....     Clarity  +   (no boots)
Stlth    ..........             s - amulet of guardian spirit
Regen    0.2/turn               w - +1 ring of evasion
MPRegen  0.2/turn               p - +5 ring of strength

@: mighty, heroism
A: horns 1, clarity, deformed body, frail 1, high mp 1, negative energy
resistance 1, electricity resistance, unbreathing, petrification resistance, rot
immunity, subdued magic 2, AC +7
a: Heroism, Finesse, Renounce Religion


You were on level 10 of the Dungeon.
You worshipped Okawaru.
Okawaru was extremely pleased with you.
You were near starving.

You visited 2 branches of the dungeon, and saw 11 of its levels.

You collected 711 gold pieces.

Inventory:

Hand Weapons
 m - a +0 whip of flaming (weapon)
Armour
 c - a +0 shield (worn)
 j - a +1 pair of gloves (worn)
 C - a +2 hat (worn)
 F - a +0 plate armour (worn)
 G - a +0 cloak (worn)
Jewellery
 o - an uncursed ring of protection from fire
 p - a +5 ring of strength (left hand)
 s - an amulet of guardian spirit (around neck)
 w - a +1 ring of evasion (right hand)
Wands
 a - a wand of disintegration (0/24)
 g - a wand of acid (7/15)
 q - a wand of paralysis (10/24)
 u - a wand of paralysis (3/24)
 v - a wand of flame (9/48)
 E - a wand of polymorph (5/24)
 L - a wand of flame (0/48)
Scrolls
 b - a scroll of fog
 h - 3 scrolls of amnesia {unknown}
 i - 10 scrolls of identify
 n - a scroll of magic mapping
 r - a scroll of enchant armour
 t - 4 scrolls of blinking {unknown}
 x - 3 scrolls of remove curse
 y - a scroll of immolation {unknown}
 H - 2 scrolls of teleportation
 I - a scroll of fear {unknown}
Potions
 k - a potion of lignification
 M - 4 potions of degeneration
Books
 e - a book of Misfortune

   Spells                             Type                      Level
   a - Confusing Touch                Hexes                        1
   b - Confuse                        Hexes                        3
   c - Gell's Gravitas                Translocation                3
   d - Petrify                        Transmutation/Earth          4
   e - Metabolic Englaciation         Hexes/Ice                    5
   f - Yara's Violent Unravelling     Hexes/Transmutation          5
 D - a book of Minor Magic

   Spells                             Type                      Level
   a - Magic Dart                     Conjuration                  1
   b - Blink                          Translocation                2
   c - Call Imp                       Summoning                    2
   d - Slow                           Hexes                        2
   e - Conjure Flame                  Conjuration/Fire             3
   f - Mephitic Cloud                 Conjuration/Poison/Air       3
Comestibles
 f - 3 bread rations
 B - 4 meat rations
 K - 20 fruits
 N - 2 royal jellies


   Skills:
 + Level 7.1(12.1) Fighting
 + Level 9.7(14.7) Maces & Flails
 + Level 7.9(12.9) Armour
 + Level 3.6(8.6) Dodging
 + Level 0.8(5.8) Stealth
 + Level 11.6(16.6) Shields
 + Level 0.8 Evocations


You had 10 spell levels left.
You didn't know any spells.

Dungeon Overview and Level Annotations

Branches:
Dungeon (10/15)            Temple (1/1) D:5            Lair (0/6) D:8
    Orc (0/2) D:9

Altars:
Ashenzari
Cheibriados
Dithmenos
Elyvilon
Fedhas
Gozag
Hepliaklqana
Kikubaaqudgha
Makhleb
Nemelex Xobeh
Okawaru
Qazlal
Ru
Sif Muna
Trog
Uskayaw
Vehumet
Wu Jian
Xom
Yredelemnul
Zin
The Shining One

Shops:
D:10 [

Annotations:
D:10 Gastronok, Grum, Maurice, Sonja


Innate Abilities, Weirdness & Mutations

You are resistant to torment.
Your stone body is resilient. (AC +7)
You are immune to poison.
You resist negative energy. (rN+)
You are resistant to electric shocks. (rElec)
You can survive without breathing.
You are immune to petrification.
You are immune to rotting.
You have a pair of small horns on your head.
You possess an exceptional clarity of mind.
Armour fits poorly on your strangely shaped body.
You are frail. (-10% HP)
You have an increased reservoir of magic. (+10% MP)
Your spells are easier to cast, but less powerful.


Message History

The killer bee moves out of view.
The adder misses you.
The killer bee moves out of view.
You block the adder's attack.
The killer bee stings you but does no damage.
Found 8 royal jellies. 3 killer bees come into view.
Okay, then.
You gain the combat prowess of a mighty hero.
The killer bee buzzes angrily. x3
The centaur unwields an uncursed shortbow.
The centaur hits you but does no damage.
The killer bee closely misses you. The adder closely misses you.
The killer bee barely misses you.
The centaur hits you but does no damage. 4 killer bees come into view.
You don't have enough magic at the moment.
The killer bee buzzes angrily. x2
You whack the adder! You burn the adder. Your headbutt misses the adder.
The adder is almost dead.
The killer bee stings you.
You die... # ####.##### #### #........###### yy... #.. #......(..(..c##yyy%y. ##.. #........####S@yyyyyy% ... #?(......# ####yyyyyy #.. #......!.# yyy..

#..
#........#
y%%. #..
#........#
.%% #..
#........#
#+ #..
##########
###


You could see a centaur, 22 killer bees and an adder.

Vanquished Creatures
  5 two-headed ogres
  A yaktaur (D:9)
  Grinder (D:6)
  A hippogriff (D:8)
  2 hungry ghosts
  A steam dragon (D:9)
  Menkaure (D:6)
  2 orc warriors (D:9)
  2 black bears
  2 ice beasts
  3 sky beasts
  The ghost of Gilihad the Skirmisher, an amateur HuWn (D:3)
  7 ogres
  2 phantoms (D:6)
  2 centaurs
  2 wolves (D:10)
  A big kobold (D:9)
  4 bullfrogs
  A scorpion (D:8)
  3 killer bees
  3 wights (D:7)
  4 howler monkeys
  A crimson imp (D:5)
  6 hounds
  4 orc priests
  2 centaur zombies (D:8)
  4 orc wizards
  2 bullfrog skeletons (D:6)
  A centaur skeleton (D:8)
  2 jellies
  An iguana (D:6)
  7 worker ants
  A killer bee zombie (D:7)
  A hound zombie (D:9)
  A worker ant zombie (D:9)
  10 gnolls
  2 howler monkey skeletons
  9 adders
  A shadow imp (D:6)
  An ooze (D:4)
  5 worms
  3 dart slugs (D:1)
  3 leopard geckos
  10 orcs
  2 ball pythons (D:2)
  6 giant cockroaches
  4 hobgoblins
  14 jackals
  9 kobolds
  6 quokkas
  A bat (D:2)
  6 frilled lizards
  11 goblins
  A leopard gecko skeleton (D:4)
  A quokka skeleton (D:5)
  A quokka zombie (D:9)
  9 rats
199 creatures vanquished.

Notes
Turn   | Place    | Note
-------+----------+-------------------------------------------
     0 | D:1      | polly the Gargoyle Fighter began the quest for the Orb.
     0 | D:1      | Reached XP level 1. HP: 14/14 MP: 1/1
    81 | D:1      | You fall through a shaft!
    98 | D:1      | Reached XP level 2. HP: 15/19 MP: 2/2
   309 | D:1      | Reached XP level 3. HP: 23/23 MP: 3/3
   611 | D:2      | Reached skill level 4 in Shields
   646 | D:2      | Reached XP level 4. HP: 6/29 MP: 4/4
  1018 | D:2      | Found a faded altar of an unknown god.
  1235 | D:2      | Reached skill level 1 in Dodging
  1418 | D:3      | Found a stormy altar of Qazlal.
  1419 | D:3      | Noticed an air elemental
  1421 | D:3      | Noticed a fire elemental
  1421 | D:3      | Noticed a water elemental
  1421 | D:3      | Noticed an earth elemental
  1427 | D:3      | HP: 1/29 [orc wizard/magic dart (7)]
  1706 | D:3      | Reached XP level 5. HP: 33/33 MP: 5/5
  1715 | D:3      | Noticed Gilihad's ghost (amateur HuWn)
  1731 | D:3      | Killed Gilihad's ghost
  1994 | D:3      | Noticed an ogre
  2008 | D:3      | Killed an ogre
  2008 | D:3      | Reached XP level 6. HP: 14/38 MP: 6/6
  2151 | D:4      | Gained mutation: Your spells are a little easier to cast, but a little less powerful. [potion of mutation]
  2151 | D:4      | Gained mutation: You are partially covered in large bone plates. (SH +4) [potion of mutation]
  2151 | D:4      | HP: 1/38 [hound (1)]
  2156 | D:4      | Reached skill level 5 in Shields
  2489 | D:3      | Reached XP level 7. HP: 17/44 MP: 7/7
  2793 | D:3      | Found a bloodstained altar of Trog.
  3411 | D:4      | Reached skill level 5 in Maces & Flails
  3532 | D:5      | Entered Level 5 of the Dungeon
  3560 | D:5      | Found a staircase to the Ecumenical Temple.
  3566 | Temple   | Entered the Ecumenical Temple
  3670 | Temple   | Became a worshipper of Warmaster Okawaru
  3921 | D:5      | Reached skill level 6 in Shields
  3935 | D:5      | Reached skill level 5 in Fighting
  3935 | D:5      | Reached XP level 8. HP: 10/49 MP: 2/8
  4383 | D:5      | Found a burning altar of Makhleb.
  4712 | D:6      | Noticed Menkaure
  4726 | D:6      | Killed Menkaure
  4726 | D:6      | Reached * piety under Okawaru
  4726 | D:6      | Reached skill level 5 in Armour
  4808 | D:6      | Reached skill level 7 in Shields
  4831 | D:6      | Found an ornate altar of the Wu Jian Council.
  4980 | D:6      | Noticed Grinder
  5003 | D:6      | Killed Grinder
  5003 | D:6      | Reached XP level 9. HP: 38/54 MP: 7/9
  5203 | D:6      | Reached skill level 8 in Shields
  5392 | D:6      | Found a basalt altar of Yredelemnul.
  6079 | D:7      | Reached ** piety under Okawaru
  6273 | D:7      | Found an opulent altar of Gozag.
  6726 | D:7      | Reached skill level 9 in Shields
  6856 | D:8      | Noticed a two-headed ogre
  6878 | D:8      | Killed a two-headed ogre
  6878 | D:8      | Reached *** piety under Okawaru
  6878 | D:8      | Reached skill level 10 in Shields
  6878 | D:8      | Reached XP level 10. HP: 46/60 MP: 8/10
  7295 | D:8      | Noticed a two-headed ogre
  7324 | D:8      | Killed a two-headed ogre
  7324 | D:8      | Reached **** piety under Okawaru
  7607 | D:8      | Found a staircase to the Lair.
  7631 | D:8      | Gained mutation: Armour fits poorly on your strangely shaped body. [mutagenic meat]
  7632 | D:8      | Lost mutation: You are partially covered in large bone plates. (SH +4) [potion of mutation]
  7632 | D:8      | Lost mutation: Armour fits poorly on your strangely shaped body. [potion of mutation]
  7632 | D:8      | Lost mutation: Your spells are a little easier to cast, but a little less powerful. [potion of mutation]
  7632 | D:8      | Gained mutation: You have an increased reservoir of magic. (+10% MP) [potion of mutation]
  7632 | D:8      | Gained mutation: You are frail. (-10% HP) [potion of mutation]
  7632 | D:8      | Gained mutation: You have a pair of small horns on your head. [potion of mutation]
  7632 | D:8      | Gained mutation: You possess an exceptional clarity of mind. [potion of mutation]
  7688 | D:8      | You fall through a shaft!
  7690 | D:9      | Found a runed door.
  7735 | D:9      | Found a staircase to the Orcish Mines.
  7830 | D:9      | Noticed a two-headed ogre
  7855 | D:9      | Killed a two-headed ogre
  7855 | D:9      | Reached skill level 11 in Shields
  7870 | D:9      | Gained mutation: Armour fits poorly on your strangely shaped body. [mutagenic meat]
  7871 | D:9      | Gained mutation: Your spells are a little easier to cast, but a little less powerful. [mutagenic meat]
  7872 | D:9      | Gained mutation: Your spells are easier to cast, but less powerful. [mutagenic meat]
  9198 | D:9      | Noticed a two-headed ogre
  9198 | D:9      | Noticed a two-headed ogre
  9257 | D:9      | Killed a two-headed ogre
  9257 | D:9      | Reached ***** piety under Okawaru
  9257 | D:9      | Reached XP level 11. HP: 59/60 MP: 2/12
  9266 | D:9      | Killed a two-headed ogre
  9548 | D:10     | Entered Level 10 of the Dungeon
  9549 | D:10     | Noticed Maurice
  9611 | D:10     | Found Ricajuts's Antique Armour Shoppe.
  9636 | D:10     | Noticed Sonja
  9663 | D:10     | Noticed Grum
  9676 | D:10     | Noticed Gastronok
  9697 | D:10     | HP: 3/60 [wolf[Grum] (1)]
  9697 | D:10     | HP: 1/60 [centaur/arrow (2)]
  9711 | D:10     | Slain by a killer bee

Vault maps used:
D:1:      sevenhm_arrival_forest_fort_small_4
D:2:      cheibrodos_helix_gallery, serial_curves, eino_curves_02,
          eino_curves_02, first_bread, chequers_ecumenical_altar_simple_redux
D:3:      bloody_trog, nicolae_qazlal_style_of_elements
D:5:      makhleb_grotto_becter, minmay_temple_entry_fiery
D:6:      lemuel_doored_altar, overflow_temple_1_default, uniq_grinder,
          uniq_menkaure
D:7:      kennysheep_mini
D:8:      lair_entry_dummy
D:9:      orc_0_dummy, blue_anna_alchemist, minmay_misc_feat_more_columns,
          minmay_st_funbox
D:10:     serial_shops, kennysheep_little_box, shop, shop_fountains, shop,
          uniq_gastronok, uniq_nergalle, uniq_sonja, uniq_maurice, uniq_grum
Temple:   minmay_crystal_spiral_temple

Skill      XL: |  1  2  3  4  5  6  7  8  9 10 |
---------------+-------------------------------+-----
Shields        | 4 5 6 7 10 11 | 11.6
Dodging        | 1 2 3 |  3.6
Fighting       | 4 5 6 7 |  7.1
Maces & Flails | 3 4 5 6 8 9 |  9.7
Armour         | 4 5 6 7 |  7.9
Stealth        | |  0.8
Evocations     | |  0.8

Action                   |  1- 3 |  4- 6 |  7- 9 | 10-12 || total
-------------------------+-------+-------+-------+-------++-------
Melee: Flail             |    56 |       |       |       ||    56
       Whip              |    46 |   202 |   760 |   322 ||  1330
       Headbutt          |       |       |       |    54 ||    54
Invok: Heroism           |       |       |       |     2 ||     2
Evoke: Wand              |       |       |       |    18 ||    18
  Use: Scroll            |     3 |     2 |       |     2 ||     7
       Potion            |       |     4 |       |    17 ||    21
 Stab: Paralysed         |       |       |       |     1 ||     1
  Eat: Chunk             |       |     4 |    10 |     8 ||    22
       Royal jelly       |       |       |     3 |       ||     3
       Meat ration       |       |       |     2 |       ||     2
       Fruit             |       |       |       |     4 ||     4
Armor: Scale mail        |    73 |   111 |    86 |       ||   270
       Plate armour      |       |       |   121 |   148 ||   269
       Skin              |       |       |       |    18 ||    18
Dodge: Dodged            |    36 |    55 |   137 |    80 ||   308
Block: Shield            |    73 |   135 |   463 |   253 ||   924
